 Dungeon Crawl Stone Soup version 0.27-a0-909-g0721f309d1 (webtiles) character file.

Game seed: 12648619081812581685

422 polve the Insei (level 6, -7/53 HPs)
             Began as a Draconian Transmuter on Apr 8, 2021.
             Mangled by a mummy (18 damage)
             ... in an ossuary.
             The game lasted 00:04:24 (4218 turns).

polve the Insei (Draconian Transmuter)              Turns: 4218, Time: 00:04:25

Health: -7/53      AC:  9    Str: 12    XL:     6   Next: 63%
Magic:  9/9        EV: 12    Int: 15    God:
Gold:   140        SH:  5    Dex: 12    Spells: 8/9 levels left

rFire    . . .     SeeInvis .     - Unarmed
rCold    . . .     Faith    .   (no shield)
rNeg     . . .     Spirit   .   (armour unavailable)
rPois    .         Reflect  +   (helmet currently unavailable)
rElec    .         Harm     .   b - +2 cloak {Will+}
rCorr    .         Rampage  .   (no gloves)
Will     +....                  (boots currently unavailable)
Stlth    +.........             e - amulet of reflection
HPRegen  0.17/turn              (no ring)
MPRegen  0.11/turn              (no ring)

@: brilliant, appendages
A: horns 2, talons 2, AC +6, unfitting armour, cold-blooded
a: End Transformation


You were in an ossuary.
You had temporarily grown beastly horns and talons.
You visited 1 branch of the dungeon, and saw 4 of its levels.
You also visited: Ossuary.

You collected 140 gold pieces.

Inventory:

Armour
 b - a +2 cloak of willpower (worn)
 c - a +0 pair of boots (melded)
Jewellery
 e - an amulet of reflection (around neck)
Scrolls
 a - a scroll of teleportation {unknown}
 d - a scroll of blinking {unknown}
 g - a scroll of identify {unknown}
 h - 2 scrolls of immolation {unknown}
 i - a scroll of noise {unknown}
 j - a scroll of amnesia {unknown}


   Skills:
 + Level 4.3 Fighting
 - Level 1.7 Dodging
 * Level 6.4 Unarmed Combat
 - Level 2.0 Spellcasting
 - Level 2.0 Transmutations


You had 8 spell levels left.
You knew the following spells:

 Your Spells              Type           Power      Damage    Failure   Level
a - Beastly Appendage     Tmut           22%        N/A       10%         1

Your spell library contained the following spells:

 Spells                   Type           Power      Damage    Failure   Level
 Wereblood                Tmut           11%        N/A       14%         2
 Corona                   Hex            2%         N/A       22%         1
 Ensorcelled Hibernation  Hex/Ice        4%         N/A       32%         2
 Spider Form              Tmut/Pois      3%         N/A       41%         3
 Confusing Touch          Hex            2%         N/A       54%         3
 Dazzling Flash           Conj/Hex       4%         N/A       54%         3
 Tukima's Dance           Hex            2%         N/A       54%         3
 Ice Form                 Ice/Tmut       6%         N/A       82%         4
 Hydra Form               Tmut           5%         N/A       95%         5


Dungeon Overview and Level Annotations

Branches:
Dungeon (4/15)            Ossuary (1/1)
 Temple: D:4-7

Altars:
Ashenzari
Elyvilon


Innate Abilities, Weirdness & Mutations

You have temporarily grown beastly horns and talons.
Your plain brown scales are hard. (AC +6)
You cannot fit into any form of body armour.
You are cold-blooded and may be slowed by cold attacks.


Message History

The orc zombie closely misses you.
A mummy comes into view.
The orc zombie hits you but does no damage.
You feel clever all of a sudden.
You aren't carrying any potions.
There is a gate leading back out of this place here.
Casting: Beastly Appendage (safe; 10% risk of failure)
Confirm with . or Enter, or press ? or * to list all spells.
You feel a surge of power!
You grow a pair of large bovine horns.
Your feet morph into talons.
Your +0 pair of boots melds into your body.
You hit the orc zombie.
The orc zombie is severely damaged.
The orc zombie hits you but does no damage.
You hit the orc zombie. Your kick misses the orc zombie.
The orc zombie is severely damaged.
The orc zombie closely misses you.
You hit the orc zombie.
The orc zombie is almost destroyed.
You punch the orc zombie!
You destroy the orc zombie!
The mummy hits you but does no damage.
You hit the mummy. You claw the mummy.
The mummy is moderately damaged.
You hit the mummy.
You tail-slap the mummy, but do no damage.
The mummy is heavily damaged.
The mummy closely misses you.
You hit the mummy. Your headbutt misses the mummy. You punch the mummy.
The mummy is almost destroyed.
You barely miss the mummy.
The mummy is almost destroyed.
You block the mummy's attack.
You hit the mummy.
You destroy the mummy!
The mummy barely misses you.
You hit the mummy. You claw the mummy.
The mummy is moderately damaged.
The mummy hits you!!
You die...

##....##
#....#
#....#
#....#
#....#
#....#
#..MM#
#.MMM#
#.∩@.#
######


You could see 5 mummies.

Vanquished Creatures
  Sigmund (D:3)
  Crazy Yiuf (D:2)
  3 mummies (Ossuary)
  Robin (D:1)
  6 gnolls (D:3)
  4 adders
  5 dart slugs
  5 ball pythons
  7 endoplasms
  3 giant cockroaches
  A gnoll zombie (Ossuary)
  13 goblins
  7 hobgoblins
  4 jackals (D:1)
  4 quokkas
  5 bats
  5 frilled lizards
  A hobgoblin zombie (Ossuary)
  4 kobolds
  3 kobold zombies (Ossuary)
  2 orc zombies (Ossuary)
  5 rats
90 creatures vanquished.

Vanquished Creatures (others)
  A plant (D:4)
1 creature vanquished.

Grand Total: 91 creatures vanquished

Notes
Turn   | Place    | Note
-------+----------+-------------------------------------------
     0 | D:1      | polve the Draconian Transmuter began the quest for the Orb.
     0 | D:1      | Reached XP level 1. HP: 16/16 MP: 3/3
   100 | D:1      | Reached XP level 2. HP: 14/23 MP: 5/5
   565 | D:1      | Found a faded altar of an unknown god.
   777 | D:1      | Reached XP level 3. HP: 28/29 MP: 6/6
   832 | D:1      | Reached skill level 4 in Unarmed Combat
  1402 | D:2      | Reached XP level 4. HP: 24/37 MP: 7/7
  1781 | D:2      | Found a runed translucent door.
  1782 | D:2      | Noticed Crazy Yiuf
  1999 | D:2      | Identified the +2 helmet of the Ace of Cups {Int+3}
  1999 | D:2      | Noticed Robin
  2314 | D:1      | Killed Robin
  2986 | D:2      | Killed Crazy Yiuf
  2987 | D:2      | Reached skill level 5 in Unarmed Combat
  2987 | D:2      | Reached XP level 5. HP: 35/45 MP: 6/8
  3402 | D:3      | Noticed Sigmund
  3411 | D:3      | Killed Sigmund
  3412 | D:3      | Reached skill level 6 in Unarmed Combat
  3412 | D:3      | Reached XP level 6. HP: 38/52 MP: 7/9
  4071 | D:4      | Found a broken altar of Ashenzari.
  4083 | D:4      | Found a white marble altar of Elyvilon.
  4107 | D:4      | Found a sand-covered staircase.
  4115 | Ossuary  | Entered an ossuary
  4218 | Ossuary  | Mangled by a mummy

Illustrated notes

Levels and vault maps discovered:
D:1:      psy_arrival_statuary, layout_rooms, shapermc_ecumenical_altar_venn,
          minmay_vboxes
D:2:      minmay_angry_zag, layout_basic, minmay_tetromino_l2, uniq_robin,
          uniq_crazy_yiuf_cottage
D:3:      layout_loops_ring, uniq_sigmund
D:4:      layout_loops_ring, grunt_dithmenos_smoke_and_mirrors,
          grunt_temple_overflow_open, serial_bayou, serial_bayou_pond_a,
          serial_bayou_ford_a, serial_bayou_pond_c, serial_bayou_crossing,
          enter_ossuary_3, glass_columns_a, minmay_misc_feat_hallway
Ossuary:  ossuary_tomb_3

Skill      XL: |  1  2  3  4  5 |
---------------+----------------+-----
Fighting       | 2 3 4 |  4.3
Unarmed Combat | 4 5 6 |  6.4
Dodging        | |  1.7
Spellcasting   | |  2.0
Transmutations | |  2.0

Action                   |  1- 3 |  4- 6 || total
-------------------------+-------+-------++-------
Melee: Unarmed           |   137 |   175 ||   312
       Tailslap          |    11 |    19 ||    30
       Headbutt          |     3 |    11 ||    14
       Punch             |     2 |     2 ||     4
       Kick              |       |    20 ||    20
 Cast: Beastly Appendage |     1 |    11 ||    12
  Use: Potion            |       |     7 ||     7
 Stab: Sleeping          |       |     1 ||     1
Armor: Skin              |    37 |    62 ||    99
Dodge: Dodged            |    74 |   137 ||   211
Block: Other             |       |    34 ||    34

Table legend: (Time is in decaauts)
 A = Elapsed time spent in this place.
 B = Non-inter-level travel time spent in this place.
 C = Inter-level travel time spent in this place.
 D = Time resting spent in this place.
 E = Time spent auto-exploring this place.
 F = Levels seen in this place.
 G = Mean time per level.
                   A        B        C        D        E       F      G
               +--------+--------+--------+--------+--------+-----+--------+
         Total |   4195 |   4059 |    136 |      0 |   3444 |   5 |  839.0 |
       Dungeon |   4096 |   3960 |    136 |      0 |   3436 |   4 | 1024.0 |
       Ossuary |     99 |     99 |      0 |      0 |      8 |   1 |   99.0 |
               +--------+--------+--------+--------+--------+-----+--------+

Top non-repeatable levels by time:
     D:2: 1669 daAuts
     D:1: 1464 daAuts
     D:3: 915 daAuts
 Ossuary: 99 daAuts
     D:4: 46 daAuts
